 Dungeon Crawl Stone Soup version 0.28.0-1-gb440e238dd (webtiles) character file.

Game seed: 13420521072773170369

5068 CrazyMind the Cleaver (level 10, -1/129 HPs)
             Began as a Black Draconian Berserker on Feb 19, 2022.
             Was an Elder of Trog.
             Succumbed to a red devil's poison
             ... on level 9 of the Dungeon.
             The game lasted 00:34:31 (10297 turns).

CrazyMind the Cleaver (Black Draconian Berserker)  Turns: 10297, Time: 00:34:31

Health: -1/129     AC: -4    Str: 28    XL:     10   Next: 31%
Magic:  10/10      EV: 14    Int:  7    God:    Trog [****..]
Gold:   462        SH:  9    Dex: 16    Spells: 9/9 levels left

rFire   . . .      SeeInvis .   v - +2 hand axe (venom)
rCold   . . .      Faith    .   h - +3 warlock's mirror {reflect}
rNeg    + . .      Spirit   .   (armour unavailable)
rPois   .          Reflect  +   (helmet restricted)
rElec   +          Harm     .   (no cloak)
rCorr   .          Rampage  .   p - +0 pair of gloves {Str+3}
Will    ++...                   (no boots)
Stlth   ..........              (no amulet)
HPRegen 1.31/turn               C - +6 ring of dexterity
MPRegen 0.12/turn               j - ring of positive energy

@: berserking, lethally poisoned (-1 -> -27), strong-willed, spiked, corroded,
regenerating, very quick
A: breathe lightning, AC +7, unfitting armour, electricity resistance,
cold-blooded
a: Breathe Lightning, Renounce Religion, Berserk, Trog's Hand, Brothers in Arms


You were on level 9 of the Dungeon.
You worshipped Trog.
Trog was greatly pleased with you.
You visited 3 branches of the dungeon, and saw 11 of its levels.
You also visited: Sewer and Ossuary.

You collected 462 gold pieces.

Inventory:

Hand Weapons
 v - a +2 hand axe of venom (weapon)
 A - a +0 war axe
 E - a +2 whip of electrocution
Missiles
 g - 6 javelins
 i - 15 boomerangs
 s - 3 poisoned darts (quivered)
 D - 3 throwing nets
Armour
 h - the +3 warlock's mirror (worn) {reflect}
   (You acquired it on level 4 of the Dungeon)

   It can block and reflect piercing ranged attacks and magical attacks against
   the wielder's willpower.
 p - a +0 pair of gloves of strength (worn)
Jewellery
 c - a ring of flight
 d - a +6 ring of intelligence
 j - a ring of positive energy (right hand)
 C - a +6 ring of dexterity (left hand)
Wands
 k - a wand of iceblast (8)
 m - a wand of paralysis (5)
 o - a wand of polymorph (20)
 r - a wand of flame (6)
 x - a wand of digging (6)
Scrolls
 a - 2 scrolls of vulnerability
 b - a scroll of enchant armour
 n - 4 scrolls of teleportation
 u - a scroll of fog {unknown}
 y - 2 scrolls of magic mapping
 z - a scroll of summoning {unknown}
 I - a scroll of torment {unknown}
Potions
 e - 2 potions of lignification {unknown}
 f - 3 potions of invisibility
 l - 3 potions of curing
 q - a potion of might {unknown}
 t - 3 potions of attraction
 B - a potion of degeneration {unknown}
 F - 2 potions of berserk rage {unknown}
 G - 3 potions of haste
 H - 3 potions of cancellation
 J - 2 potions of brilliance {unknown}


   Skills:
 + Level 7.3 Fighting
 + Level 10.8 Axes
 + Level 2.4 Throwing
 + Level 6.2 Dodging
 * Level 6.7 Shields


You had 9 spell levels left.
You didn't know any spells.
Your spell library was empty.

Dungeon Overview and Level Annotations

Branches:
Dungeon (9/15)             Temple (1/1) D:6            Lair (1/6) D:8
  Sewer (visited)         Ossuary (visited)
    Orc: D:9-12

Altars:
Ashenzari
Cheibriados
Dithmenos
Elyvilon
Fedhas
Gozag
Hepliaklqana
Kikubaaqudgha
Makhleb
Nemelex Xobeh
Okawaru
Ru
Sif Muna
Trog
Uskayaw
Vehumet
Wu Jian
Xom
Yredelemnul
Zin
The Shining One

Annotations:
D:8 1 runed translucent door, Horrz's ghost, novice MiAK
D:9 1 runed translucent door, exclusion: upstairs, Erica


Innate Abilities, Weirdness & Mutations

You can breathe wild blasts of lightning.
Your glossy black scales are hard. (AC +7)
You cannot fit into any form of body armour.
You are resistant to electric shocks. (rElec)
You are cold-blooded and may be slowed by cold attacks.


Message History

You block the kobold demonologist's attack.
You slash the kobold demonologist!
The kobold demonologist is severely wounded.
You hit the rust devil but do no damage. x2
You feel sick.
You slash the kobold demonologist!
The kobold demonologist looks as sick as possible!
The kobold demonologist is almost dead.
You barely miss the rust devil. You hit the rust devil.
You feel sick.
The red devil hits you from afar with a +2 trident of venom!!
Barbed spikes become lodged in your body.
You are more poisoned.
The rust devil hits you! The rust devil corrodes you!
You block the rust devil's attack.
The kobold demonologist barely misses you.
You hit the kobold demonologist but do no damage.
The kobold demonologist looks as sick as possible!
The kobold demonologist is almost dead.
You closely miss the rust devil. You completely miss the rust devil.
You feel very sick.
You barely miss the kobold demonologist.
The kobold demonologist is almost dead.
You slash the rust devil!
You hit the rust devil but do no damage.
You feel very sick. The rust devil hits you!
* * * LOW HITPOINT WARNING * * *
The rust devil corrodes you!
The red devil hits you from afar with a +2 trident of venom!!
* * * LOW HITPOINT WARNING * * *
Barbed spikes become lodged in your body.
You are more poisoned.
The rust devil hits you!
* * * LOW HITPOINT WARNING * * *
The rust devil corrodes you!
The kobold demonologist closely misses you.
You hit the kobold demonologist but do no damage.
The kobold demonologist is almost dead.
You hit the rust devil. x2
You die...

##....# ####.# #.# #.#
#.# ####.#######.# #.#
..^(.........# #..
####...####..# #.# ####
#..# #.# ...# #..# #.#
##.#.. #..###@####.#
.......####....44Kh.....
##..............Z45##.##
#########..##.# #..# ...
#..# ##..# #... ..#
#.... .. ######


You could see 2 rust devils, a kobold demonologist (extremely poisoned), a red
devil (summoned), a howler monkey, a shadow imp (summoned) and a howler monkey
zombie.

Vanquished Creatures
  A two-headed ogre (D:7)
  A black mamba (Lair:1)
  5 blink frogs (Lair:1)
  Menkaure (D:5)
  2 steam dragons (D:8)
  A hornet zombie (D:7)
  3 orc warriors
  A black bear (D:8)
  An ogre (D:5)
  3 necrophages
  A centaur (D:9)
  An elf zombie (Ossuary)
  9 bullfrogs
  A gnoll sergeant (D:8)
  A scorpion (D:5)
  4 wights (D:6)
  A gnoll shaman (D:7)
  A human zombie (Ossuary)
  A jelly (D:5)
  6 orc priests
  2 hounds
  3 iguanas
  A scorpion zombie (D:5)
  7 orc wizards
  Ijyb (D:3)
  A hound skeleton (D:4)
  4 mummies (Ossuary)
  A howler monkey zombie (D:9)
  8 adders
  8 gnolls
  A howler monkey skeleton (D:7)
  A shadow imp (D:8)
  2 white imps
  9 worms
  A dart slug (D:1)
  22 orcs
  9 endoplasms
  4 giant cockroaches
  2 gnoll zombies (Ossuary)
  2 goblins
  4 hobgoblins
  14 jackals
  7 kobolds
  5 quokkas
  2 ball pythons
  5 bats
  8 frilled lizards
  2 hobgoblin zombies (Ossuary)
  A jackal zombie (Ossuary)
  A kobold zombie (Ossuary)
  A rat (D:3)
  4 rat zombies (Ossuary)
188 creatures vanquished.

Vanquished Creatures (others)
  21 fungi
  9 plants
30 creatures vanquished.

Grand Total: 218 creatures vanquished

Notes
Turn   | Place    | Note
-------+----------+-------------------------------------------
     0 | D:1      | CrazyMind the Draconian Berserker began the quest for the
                  | Orb.
     0 | D:1      | Reached XP level 1. HP: 19/19 MP: 1/1
   168 | D:1      | Reached XP level 2. HP: 22/26 MP: 2/2
  1321 | D:2      | Reached XP level 3. HP: 33/33 MP: 3/3
  1861 | D:3      | Noticed Ijyb
  1871 | D:3      | Killed Ijyb
  1879 | D:3      | Reached ** piety under Trog
  2016 | D:3      | Found a glowing golden altar of the Shining One.
  2151 | D:3      | Found Gozag's Platinum Reserve.
  2154 | D:3      | Found an opulent altar of Gozag.
  2169 | D:3      | Reached XP level 4. HP: 36/40 MP: 4/4
  2578 | D:4      | Identified a scroll of acquirement
  2578 | D:4      | Acquired the +3 warlock's mirror {reflect}
  2578 | D:4      | Found the +3 warlock's mirror {reflect}
  2596 | D:3      | Reached skill level 4 in Axes
  3186 | D:4      | Found a glowing drain.
  3194 | D:4      | Reached XP level 5. HP: 36/46 MP: 5/5
  3200 | Sewer    | Entered a sewer
  3373 | Sewer    | Reached skill level 1 in Shields
  3374 | Sewer    | Reached XP level 6. HP: 32/53 MP: 6/6
  3679 | Sewer    | Reached skill level 5 in Axes
  3767 | Sewer    | Reached *** piety under Trog
  3926 | D:5      | Entered Level 5 of the Dungeon
  3983 | D:5      | Noticed Menkaure
  4660 | D:5      | Your scales start taking on a glossy black colour.
  4660 | D:5      | Reached XP level 7. HP: 27/60 MP: 7/7
  4660 | D:5      | Gained mutation: You are resistant to electric shocks.
                  | (rElec) [Black Draconian growth]
  4971 | D:5      | Identified the +7 falchion "Kuirr" {vorpal, *Rage rF+
                  | Int+2}
  5365 | D:5      | Reached skill level 6 in Axes
  5571 | D:5      | Killed Menkaure
  5572 | D:5      | Reached skill level 5 in Fighting
  5572 | D:5      | Reached skill level 5 in Dodging
  5867 | D:6      | Found a staircase to the Ecumenical Temple.
  5872 | Temple   | Entered the Ecumenical Temple
  6181 | D:6      | Found a burning altar of Makhleb.
  6310 | D:6      | Reached XP level 8. HP: 61/68 MP: 8/8
  6498 | D:6      | Reached skill level 7 in Axes
  6748 | D:7      | Reached skill level 1 in Throwing
  7089 | D:7      | Found a sand-covered staircase.
  7099 | Ossuary  | Entered an ossuary
  7106 | Ossuary  | Reached **** piety under Trog
  7115 | Ossuary  | Reached skill level 8 in Axes
  7387 | D:7      | Noticed a two-headed ogre
  7396 | D:7      | Killed a two-headed ogre
  7397 | D:7      | Reached skill level 9 in Axes
  7397 | D:7      | Reached XP level 9. HP: 48/78 MP: 9/9
  7748 | D:7      | Found a shimmering blue altar of Sif Muna.
  7871 | D:8      | Found an iron altar of Okawaru.
  7929 | D:8      | Reached skill level 5 in Shields
  8416 | D:8      | Found a staircase to the Lair.
  8535 | D:8      | Found a runed translucent door.
  8536 | D:8      | Found a shimmering altar of Xom.
  8536 | D:8      | Noticed Horrz's ghost (novice MiAK)
  8536 | D:8      | Noticed a +2 dagger of chaos
  8589 | D:8      | Reached skill level 10 in Axes
  8662 | D:8      | Identified the +1 ring mail of Lokil {Str+4 Slay+4}
  9263 | D:9      | Noticed a sixfirhy
  9281 | D:9      | Found a runed translucent door.
  9723 | D:9      | Noticed Erica
  9767 | Lair:1   | Entered Level 1 of the Lair of Beasts
  9800 | Lair:1   | Reached XP level 10. HP: 26/86 MP: 10/10
  9803 | Lair:1   | Noticed a black mamba
  9816 | Lair:1   | Killed a black mamba
  9818 | Lair:1   | HP: 3/86 [poisoned by a black mamba]
 10285 | D:9      | Noticed a rust devil
 10287 | D:9      | Noticed a rust devil
 10296 | D:9      | HP: 4/129 [rust devil[a kobold demonologist] (7)]
 10297 | D:9      | Succumbed to a red devil's poison

Illustrated notes

Levels and vault maps discovered:
D:1:      sevenhm_arrival_forest_fort_large_4, layout_loops_cross,
          roderic_lattice_a, chequers_big_river, minmay_misc_feat_chi
D:2:      layout_rooms, minmay_misc_feat_tiny, kennysheep_generic_room_11
D:3:      layout_basic, mainiacjoe_overflow_boulevard,
          nicolae_gozag_zags_fifth_avenue, uniq_ijyb
D:4:      layout_rooms, portal_sewer_entry_d, minmay_liquid_box
D:5:      layout_basic, serial_rivers, chequers_serial_rivers_small_b,
          chequers_serial_rivers_small_b, chequers_serial_rivers_large_b,
          chequers_serial_rivers_micro_d, nicolae_wormholes, uniq_menkaure
D:6:      layout_basic, overflow_temple_1_default, temple_doors_cd,
          chequers_serial_rivers_small_b
D:7:      layout_cave_pools, lemuel_round_altar, enter_ossuary_5
D:8:      layout_basic, okawaru_trees_2, grunt_lair_entry_orc_guard_hut,
          ebering_ghost_xom, chequers_serial_rivers_small_b,
          hangedman_abyss_or_decor_slice, dk_rats_in_the_wall
D:9:      cheibrodos_shockbox, layout_loops_ring, mainiacjoe_overflow_24_doors,
          uniq_maggie, uniq_grum, uniq_erica
Temple:   eino_temple_scatter_basement
Lair:1:   layout_long_grid

Skill      XL: |  1  2  3  4  5  6  7  8  9 10 |
---------------+-------------------------------+-----
Dodging        | 3 4 5 6 |  6.2
Fighting       | 4 5 6 7 |  7.3
Axes           | 4 5 6 9 10 | 10.8
Shields        | 1 2 3 4 5 6 |  6.7
Throwing       | 1 2 |  2.4

Action                   |  1- 3 |  4- 6 |  7- 9 | 10-12 || total
-------------------------+-------+-------+-------+-------++-------
Melee: Hand axe          |   104 |   217 |   259 |    40 ||   620
       Tailslap          |    10 |    25 |    63 |     5 ||   103
       Punch             |     1 |     1 |       |       ||     2
       War axe           |       |       |    35 |       ||    35
Throw: Dart              |       |     2 |     7 |       ||     9
       Boomerang         |       |       |    18 |       ||    18
Invok: Berserk           |     1 |     3 |     4 |     2 ||    10
       Trog's Hand       |       |       |     1 |     2 ||     3
 Abil: Breathe Lightning |       |       |     2 |     1 ||     3
Evoke: Wand              |       |       |       |     1 ||     1
  Use: Scroll            |       |     8 |     6 |     3 ||    17
       Potion            |       |       |       |     2 ||     2
 Stab: Sleeping          |       |     1 |     1 |       ||     2
Armor: Skin              |    48 |    71 |    50 |     5 ||   174
Dodge: Dodged            |    72 |   124 |   134 |    20 ||   350
Block: Buckler           |       |    37 |    87 |    20 ||   144
       Reflection        |       |     1 |     5 |       ||     6
